 Dungeon Crawl Stone Soup version 0.30-a0-373-gd37427bb62 (webtiles) character file.

Game seed: 12545232465222320758

17 Elric the Caller (level 2, -2/15 HPs)
             Began as a Gargoyle Summoner on Nov 24, 2022.
             Slain by a hobgoblin (3 damage)
             ... on level 1 of the Dungeon.
             The game lasted 00:01:11 (461 turns).

Elric the Caller (Gargoyle Summoner)                 Turns: 461, Time: 00:01:11

Health: -2/15      AC:  4    Str: 11    XL:     2   Next: 62%
Magic:  1/5        EV: 12    Int: 15    God:
Gold:   66         SH:  0    Dex: 10    Spells: 4/5 levels left

rFire   . . .      SeeInvis .    (no weapon)
rCold   . . .      Faith    .    (no shield)
rNeg    + . .      Spirit   .    a - +0 robe
rPois   ∞          Reflect  .    (no helmet)
rElec   +          Harm     .    (no cloak)
rCorr   .          Rampage  .    (no gloves)
Will    .....                    (no boots)
Stlth   ++........               (no amulet)
HPRegen 0.22/turn                (no ring)
MPRegen 0.09/turn                (no ring)

@: no status effects
A: sickness immunity, AC +2, negative energy resistance 1, electricity
resistance, torment resistance 1, petrification resistance
a: no special abilities


You were on level 1 of the Dungeon.
You visited 1 branch of the dungeon, and saw 1 of its levels.

You collected 66 gold pieces.

Inventory:

Armour
 a - a +0 robe (worn)
Scrolls
 c - a scroll of teleportation {unknown}
 d - a scroll of identify {unknown}
 g - a scroll of noise {unknown}
Potions
 b - a potion of magic
 e - a potion of mutation {unknown}
 f - 2 potions of heal wounds {unknown}


   Skills:
 + Level 0.2 Armour
 + Level 1.8 Dodging
 - Level 2.5 Stealth
 + Level 2.2 Spellcasting
 + Level 3.8 Summonings


You had 4 spell levels left.
You knew the following spells:

 Your Spells              Type           Power      Damage    Failure   Level
a - Summon Small Mammal   Summ           52%        N/A       4%          1

Your spell library contained the following spells:

 Spells                   Type           Power      Damage    Failure   Level
 Call Imp                 Summ           13%        N/A       7%          2
 Call Canine Familiar     Summ           13%        N/A       14%         3
 Summon Guardian Golem    Hex/Summ       7%         N/A       30%         3
 Summon Lightning Spire   Summ/Air       7%         N/A       69%         4


Dungeon Overview and Level Annotations

Branches:
Dungeon (1/15)

Altars:


Innate Abilities, Weirdness & Mutations

You are immune to sickness and miasma.
Your stone body is resilient. (AC +2)
You are immune to poison.
You resist negative energy. (rN+)
You are resistant to electric shocks. (rElec)
You are resistant to unholy torment.
You are immune to petrification.


Message History

The ball python closely misses you. The ball python constricts you.
Your quokka bites the frilled lizard.
The hobgoblin hits you. The frilled lizard barely misses you.
You are too injured to fight recklessly!
Unknown command.
You escape the ball python's grasp.
The ball python attacks as you move away!
The ball python bites you.
* * * LOW HITPOINT WARNING * * *
The ball python closely misses you. The hobgoblin attacks as you move away!
The hobgoblin barely misses you.
Your quokka barely misses the frilled lizard.
The hobgoblin hits your quokka.
The frilled lizard bites your rat but does no damage.
Your rat bites the ball python.
You hit the ball python.
The ball python is severely wounded.
Your quokka closely misses the frilled lizard.
The ball python closely misses you. The ball python grabs you.
The ball python constricts you.
* * * LOW HITPOINT WARNING * * *
Your quokka bites the frilled lizard.
The frilled lizard dies!
The rat bites your rat but does no damage.
The hobgoblin closely misses your quokka.
Your rat bites the rat.
Casting: Summon Small Mammal (safe; 4% risk of failure)
Confirm with . or Enter, or press ? or * to list all spells.
Your quokka disappears in a puff of smoke!
The ball python bites you.
* * * LOW HITPOINT WARNING * * *
The ball python constricts you. The rat bites your rat.
Your rat dies!
Your rat's corpse disappears in a puff of smoke!
The ball python misses you. The ball python constricts you.
* * * LOW HITPOINT WARNING * * *
The hobgoblin barely misses you.
You escape the ball python's grasp.
The hobgoblin attacks as you move away! The hobgoblin hits you.
You die...

#..#.#..######
#...~♣~...# ##..#..##
#...~♣~...###### ##...##
#...~♣♣P........ ##..#
#####~.#........ ########
#...........
##......#######.#..######
....>.......###...>..#
.......rr...'......###
......†S@...##.....#
.......g#+####.....#
......... #.....#
.######### #.....#
#.....# #####.# ###


You could see a hobgoblin, a ball python (ally target), a rat and a friendly rat
(summoned).

Vanquished Creatures
  A bat (D:1)
  A giant cockroach (D:1)
  A goblin (D:1)
  2 hobgoblins (D:1)
  A ball python (D:1)
  A frilled lizard (D:1)
  2 rats (D:1)
9 creatures vanquished.

Vanquished Creatures (collateral kills)
  A ball python (D:1)
  2 endoplasms (D:1)
  2 quokkas (D:1)
  A frilled lizard (D:1)
6 creatures vanquished.

Vanquished Creatures (others)
  A plant (D:1)
1 creature vanquished.

Grand Total: 16 creatures vanquished

Notes
Turn   | Place    | Note
-------+----------+-------------------------------------------
     0 | D:1      | Elric the Gargoyle Summoner began the quest for the Orb.
     0 | D:1      | Reached XP level 1. HP: 10/10 MP: 3/3
   181 | D:1      | Reached XP level 2. HP: 9/15 MP: 1/5
   461 | D:1      | Slain by a hobgoblin

Illustrated notes

Levels and vault maps discovered:
D:1:      scummos_arrival_star, layout_basic, serial_bayou_pond_d,
          minmay_3d_cube

Action                   || total
-------------------------++-------
Melee: Unarmed           ||    63
       Punch             ||     1
 Cast: Summon Small Mamm ||    26
Armor: Robe              ||    33
Dodge: Dodged            ||    78

Table legend: (Time is in decaauts)
 A = Elapsed time spent in this place.
 B = Non-inter-level travel time spent in this place.
 C = Inter-level travel time spent in this place.
 D = Time resting spent in this place.
 E = Time spent auto-exploring this place.
 F = Levels seen in this place.
 G = Mean time per level.
                   A        B        C        D        E       F      G
               +--------+--------+--------+--------+--------+-----+--------+
         Total |    461 |    461 |      0 |    103 |    193 |   1 |  461.0 |
       Dungeon |    461 |    461 |      0 |    103 |    193 |   1 |  461.0 |
               +--------+--------+--------+--------+--------+-----+--------+

Top non-repeatable levels by time:
     D:1: 461 daAuts
